 Dungeon Crawl Stone Soup version 0.30.1-11-g7821555f0a (webtiles) character file.

Game seed: 588391791866137547

38 KittyFluff the Cudgeller (level 3, -6/23 HPs)
             Began as a Gargoyle Berserker on Nov 24, 2023.
             Was a Believer of Trog.
             Killed from afar by Sigmund (10 damage)
             ... with a puff of flame
             ... on level 2 of the Dungeon.
             The game lasted 00:03:15 (792 turns).

KittyFluff the Cudgeller (Gargoyle Berserker)        Turns: 792, Time: 00:03:16

Health: -6/23      AC:  8    Str: 22    XL:     3   Next: 43%
Magic:  3/3        EV: 12    Int:  7    God:    Trog [**....]
Gold:   13         SH:  0    Dex:  9    Spells: 2/2 levels left

rFire   . . .        a - +0 mace
rCold   . . .        (no shield)
rNeg    + . .        b - +0 animal skin
rPois   ∞            (no helmet)
rElec   +            e - +1 cloak
rCorr   .            (no gloves)
SInv    .            d - +0 pair of boots
Will    .....        (no amulet)
Stlth   +            (no ring)
HPRegen 0.23/turn    (no ring)
MPRegen 0.08/turn

%: no passive effects
@: no status effects
A: sickness immunity, AC +3, negative energy resistance 1, electricity
resistance, torment resistance 1, petrification resistance
a: Renounce Religion, Berserk, Trog's Hand


You were on level 2 of the Dungeon.
You worshipped Trog.
Trog was pleased with you.
You visited 1 branch of the dungeon, and saw 2 of its levels.

You collected 13 gold pieces.

Inventory:

Hand Weapons
 a - a +0 mace (weapon)
 c - a +0 sling
Armour
 b - a +0 animal skin (worn)
 d - a +0 pair of boots (worn)
 e - a +1 cloak (worn)
Scrolls
 f - 2 scrolls of brand weapon {unknown}
 g - a scroll of enchant armour {unknown}
 h - a scroll of blinking {unknown}
Potions
 i - a potion of might {unknown}
 j - a potion of heal wounds {unknown}


   Skills:
 + Level 3.4 Fighting
 * Level 3.5 Maces & Flails
 * Level 2.7 Armour
 + Level 1.9 Dodging
 + Level 1.2 Stealth


You had 2 spell levels left.
You didn't know any spells.
Your spell library was empty.

Dungeon Overview and Level Annotations

Branches:
Dungeon (2/15)

Altars:

Annotations:
D:2 Sigmund


Innate Abilities, Weirdness & Mutations

You are immune to sickness and miasma.
Your stone body is resilient. (AC +3)
You are immune to poison.
You resist negative energy. (rN+)
You are resistant to electric shocks. (rElec)
You are resistant to unholy torment.
You are immune to petrification.


Message History

You climb downwards.
There is a stone staircase leading up here.
Found a metallic green potion.
Found a stone staircase leading down.
Sigmund the Dreaded comes into view.
He is wielding a +0 scythe.
You see here a metallic green potion.
j - a metallic green potion Sigmund shouts!
Sigmund points at you and mumbles some strange words.
The puff of flame hits you. Sigmund gestures at you while chanting.
You are confused.
Found a cloak.
Sigmund hits you but does no damage. Sigmund misses you.
You feel less confused. Sigmund hits you with a +0 scythe.
You closely miss Sigmund. You completely miss Sigmund.
Sigmund gestures at you while chanting. The puff of flame hits you.
Sigmund points at you and mumbles some strange words.
You resist with significant effort.
You barely miss Sigmund. Sigmund barely misses you.
You closely miss Sigmund. You barely miss Sigmund. Sigmund barely misses you.
You closely miss Sigmund.
Sigmund's eyes start glowing with a red light.
Sigmund barely misses you.
You sock Sigmund!
Sigmund is moderately wounded.
Sigmund hits you but does no damage.
You sock Sigmund!
Sigmund is severely wounded.
Sigmund hits you with a +0 scythe!
* * * LOW HITPOINT WARNING * * *
You closely miss Sigmund.
Sigmund is severely wounded.
Sigmund casts a spell at you. The puff of flame hits you!
You die...

#### . #.[. ##.
#... .. ...#.#.##
##### ..>....
#..... ..##.# ###
#.....##.##.####..
#.....@@.........
#######........#
#........#
#........#
#........#
######.### ##.####
#.....# #.<...#


You could see Sigmund.

Vanquished Creatures
  2 dart slugs (D:1)
  3 endoplasms (D:1)
  3 giant cockroaches (D:1)
  4 goblins (D:1)
  2 hobgoblins (D:1)
  2 jackals (D:1)
  7 kobolds (D:1)
  A quokka (D:1)
  2 ball pythons (D:1)
  A bat (D:1)
  2 rats (D:1)
29 creatures vanquished.

Notes
Turn   | Place    | Note
-------+----------+-------------------------------------------
     0 | D:1      | KittyFluff the Gargoyle Berserker began the quest for the
                  | Orb.
     0 | D:1      | Reached XP level 1. HP: 14/14 MP: 1/1
   119 | D:1      | Reached XP level 2. HP: 19/19 MP: 2/2
   373 | D:1      | Reached XP level 3. HP: 23/23 MP: 3/3
   443 | D:1      | Reached skill level 1 in Stealth
   468 | D:1      | Reached ** piety under Trog
   775 | D:2      | Noticed Sigmund
   792 | D:2      | Killed from afar by Sigmund

Illustrated notes

Levels and vault maps discovered:
D:1:      lightli_arrival_lavapool, layout_basic
D:2:      layout_basic, hellmonk_ecumenical_altar_zigzags, uniq_sigmund

Skill      XL: |  1  2  3 |
---------------+----------+-----
Stealth        | 1 |  1.2
Fighting       | |  3.4
Maces & Flails | |  3.5
Armour         | |  2.7
Dodging        | |  1.9

Action                     || total
---------------------------++-------
  Melee: Mace              ||    92
   Stab: Sleeping          ||     3
 Armour: Animal skin       ||    42
  Dodge: Dodged            ||    49
